 Dungeon Sprint DCSS version 0.27.1 (webtiles) character file.

Game seed: 15379166339819723029

7493 styxcanada the Imperceptible (level 10, -1/55 HPs)
             Began as a Spriggan Brigand on Sept 4, 2021.
             Was an Initiate of Gozag.
             Slain by a spriggan defender (34 damage)
             ... in the Dungeon (Sprint IV: "Fedhas' Mad Dash").
             The game lasted 00:11:06 (2014 turns).

styxcanada the Imperceptible (Spriggan Brigand)     Turns: 2014, Time: 00:11:07

Health: -1/55      AC:  5    Str:  2    XL:     10   Next: 95%
Magic:  14/16      EV: 26    Int: 13    God:    Gozag
Gold:   1877       SH:  8    Dex: 20    Spells: 16/16 levels left

rFire    + + +     SeeInvis +   b - +9 rapier of Gaploi {vorpal, Fragile rPois rF+++ Str-5}
rCold    . . .     Faith    .   d - +0 buckler
rNeg     . . .     Spirit   .   e - +2 robe {rF+}
rPois    +         Reflect  .   (helmet restricted)
rElec    .         Harm     .   c - +0 cloak
rCorr    .         Rampage  .   (gloves unavailable)
Will     +....     NoTele   +   (boots unavailable)
Stlth    +++++++++.             m - amulet of invisibility {+Inv}
HPRegen  0.18/turn              o - ring of protection from fire
MPRegen  0.15/turn              (no ring)

@: very slightly contaminated, very quick
A: very small, no large weapons, unfitting armour, see invisible, speed 3
a: Renounce Religion, Evoke Invisibility, Potion Petition, Call Merchant, Bribe
Branch


You were in the Dungeon.
You worshipped Gozag.
Gozag was most pleased with you.
You visited 1 branch You collected 2409 gold pieces.
You spent 532 gold pieces at shops.

Inventory:

Hand Weapons
 a - a +3 dagger
 b - the +9 rapier of Gaploi (weapon) {vorpal, Fragile rPois rF+++ Str-5}
   (You found it in the Dungeon)

   It inflicts extra damage upon your enemies.
   Str:       It affects your strength (-5).
   rF:        It renders you almost immune to fire.
   rPois:     It protects you from poison.
   Fragile:   It will be destroyed if unequipped.
Missiles
 g - 6 poisoned darts (quivered)
 n - 72 stones
Armour
 c - a +0 cloak (worn)
 d - a +0 buckler (worn)
 e - a +2 robe of fire resistance (worn)
Jewellery
 m - the amulet of invisibility (around neck) {+Inv}
   (You found it in the Dungeon)

   [amulet of nothing]

   +Inv:      It lets you turn invisible.
 o - a ring of protection from fire (left hand)
Wands
 t - a wand of flame (16)
Scrolls
 p - 2 scrolls of enchant weapon
 r - a scroll of torment
 s - a scroll of amnesia
 u - a scroll of vulnerability
Potions
 f - 6 potions of curing
 h - a potion of haste
 i - 2 potions of magic
 j - a potion of berserk rage
 v - a potion of brilliance
 w - a potion of might
 x - a potion of heal wounds
Miscellaneous
 l - a phial of floods


   Skills:
 * Level 7.4 Fighting
 + Level 5.2 Short Blades
 + Level 5.2 Throwing
 * Level 11.4 Dodging
 * Level 24.9 Stealth
 * Level 5.5 Shields
 * Level 3.9 Spellcasting
 * Level 13.8 Evocations


You had 16 spell levels left.
You didn't know any spells.
Your spell library contained the following spells:

 Spells                   Type           Power      Damage    Failure   Level
 Corona                   Hex            2%         N/A       24%         1
 Ensorcelled Hibernation  Hex/Ice        4%         N/A       34%         2
 Tukima's Dance           Hex            2%         N/A       56%         3


Dungeon Overview and Level Annotations

Branches:
Dungeon (1/1)

Altars:
Cheibriados
Dithmenos
Elyvilon
Gozag
Hepliaklqana
Kikubaaqudgha
Makhleb
Nemelex Xobeh
Okawaru
Qazlal
Ru
Sif Muna
Trog
Uskayaw
Vehumet
Wu Jian
Xom
Yredelemnul
Zin
The Shining One
Beogh
Jiyva
Lugonu

Shops:
D **:(*!![


Innate Abilities, Weirdness & Mutations

You are very small and have problems with some larger weapons.
You are too small for most types of armour.
You have supernaturally acute eyesight. (SInv)
You cover ground extremely quickly. (Speed+++)


Message History

Your Short Blades skill increases to level 5!
Your Dodging skill increases to level 11!
Your Spellcasting skill gained 2 levels and is now at level 3!
Your Evocations skill increases to level 13!
The helpless spriggan berserker fails to defend itself.
You perforate the spriggan berserker like a sieve!!!!!
You kill the spriggan berserker!
You now have 1877 gold pieces (gained 36).
f - 6 potions of curing (gained 1)
Things that are here:
a +0 lajatang; a +2 robe of the Archmagi You flicker for a moment.
A spriggan defender comes into view. It is wielding a +1 lajatang of speed.
Found a There-And-Back Book.
There is an entrance to Lagaag's Book Emporium here.
The spriggan defender shouts!
There is an entrance to Uzid's Weapon Shoppe here.
You block the spriggan defender's attack.
There is an entrance to Uzid's Weapon Shoppe here.
You flicker back into view.
There is an entrance to Lagaag's Book Emporium here.
Really wield
b - the +9 rapier of Gaploi {vorpal, Fragile rPois rF+++ Str-5}?
You feel weaker.
b - the +9 rapier of Gaploi (weapon)
{vorpal, Fragile rPois rF+++ Str-5} The spriggan defender hits you with a +1 lajatang of speed!!
You puncture the spriggan defender!
The spriggan defender is lightly wounded.
The spriggan defender misses you.
You block the spriggan defender's attack.
The spriggan defender misses you.
You puncture the spriggan defender!
The spriggan defender is moderately wounded.
The spriggan defender barely misses you.
You block the spriggan defender's attack.
You miss the spriggan defender.
The spriggan defender is moderately wounded.
The spriggan defender hits you with a +1 lajatang of speed!!
Ouch! That really hurt!
You die...
Your body crumbles into a pile of gold.

##############......###...[.♣.#
♣..♣.###.'.['.......'.'..)♣..∩#
.♣..♣##.)#..#.......###########
♣.♣).###.##'##......#
♣...♣'...#♣.♣########
##########.....####
#..♣..♣....###
#.$.♣......♣...♣###
........♣.)...@i∩...:#
..##################### $ $ $ $


$$$$ $ You could see a spriggan defender.

Vanquished Creatures
  Agnes (D)
  A spriggan berserker (D)
  A spriggan druid (D)
  6 oklob plants (D)
  3 wandering mushrooms (D)
  A demonic crawler (D)
  3 burning bushes (D)
  A queen bee (D)
  A hornet (D)
  3 scorpions (D)
  4 killer bees (D)
  5 oklob saplings (D)
  5 spriggans (D)
  A river rat (D)
  A rat (D)
  A ballistomycete spore (D)
38 creatures vanquished.

Vanquished Creatures (others)
  4 fungi (D)
4 creatures vanquished.

Grand Total: 42 creatures vanquished

Notes
Turn   | Place    | Note
-------+----------+-------------------------------------------
     0 | D        | styxcanada the Spriggan Brigand began the quest for the
                  | Orb.
     0 | D        | Reached XP level 1. HP: 10/10 MP: 2/2
     9 | D        | Reached skill level 8 in Stealth
     9 | D        | Reached XP level 2. HP: 15/15 MP: 3/3
    17 | D        | Noticed an oklob sapling
    19 | D        | Killed an oklob sapling
    20 | D        | Reached skill level 10 in Stealth
    20 | D        | Reached XP level 3. HP: 18/18 MP: 4/4
    21 | D        | Noticed a scorpion
    21 | D        | Found the amulet of invisibility {+Inv}
    26 | D        | Killed a scorpion
    27 | D        | Reached skill level 12 in Stealth
    27 | D        | Reached XP level 4. HP: 23/23 MP: 5/5
    45 | D        | Found an opulent altar of Gozag.
    45 | D        | Found a hazy altar of Hepliaklqana.
    45 | D        | Found a burning altar of Makhleb.
    45 | D        | Found a sparkling altar of Nemelex Xobeh.
    45 | D        | Found a snail-covered altar of Cheibriados.
    45 | D        | Found a sacrificial altar of Ru.
    45 | D        | Found a shimmering blue altar of Sif Muna.
    45 | D        | Found a shimmering altar of Xom.
    45 | D        | Found a basalt altar of Yredelemnul.
    48 | D        | Found a viscous altar of Jiyva.
    48 | D        | Found a bloodstained altar of Trog.
    48 | D        | Found an ornate altar of the Wu Jian Council.
    49 | D        | Found an iron altar of Okawaru.
    49 | D        | Found a shadowy altar of Dithmenos.
    49 | D        | Found a glowing silver altar of Zin.
    50 | D        | Found an ancient bone altar of Kikubaaqudgha.
    50 | D        | Found a hide-covered altar of Uskayaw.
    51 | D        | Found a stormy altar of Qazlal.
    51 | D        | Found a white marble altar of Elyvilon.
    51 | D        | Found a glowing golden altar of the Shining One.
    52 | D        | Became a worshipper of Gozag Ym Sagoz the Greedy
    53 | D        | Found a corrupted altar of Lugonu.
    53 | D        | Found a radiant altar of Vehumet.
    59 | D        | Reached skill level 13 in Stealth
    59 | D        | Reached XP level 5. HP: 28/28 MP: 3/6
    71 | D        | Reached skill level 14 in Stealth
    71 | D        | Reached skill level 1 in Evocations
   113 | D        | Reached skill level 5 in Dodging
   113 | D        | Reached skill level 15 in Stealth
   157 | D        | Reached XP level 6. HP: 32/32 MP: 7/7
   318 | D        | Found Beprosaf's General Store.
   318 | D        | Found Rorewk's Assorted Antiques.
   324 | D        | Bought a brown potion for 19 gold pieces
   324 | D        | Bought a scroll labelled VOSUF GIOTOXT for 22 gold pieces
   324 | D        | Bought 2 scrolls labelled VIHYVV YSESS for 44 gold pieces
   324 | D        | Bought a scroll labelled PAOSME QIRE for 22 gold pieces
   328 | D        | Noticed a burning bush
   328 | D        | Noticed a wandering mushroom
   329 | D        | Noticed a wandering mushroom
   332 | D        | Killed a burning bush
   333 | D        | Reached skill level 17 in Stealth
   333 | D        | Reached skill level 1 in Shields
   333 | D        | Killed a wandering mushroom
   334 | D        | Reached skill level 18 in Stealth
   334 | D        | Reached skill level 5 in Evocations
   334 | D        | Reached XP level 7. HP: 38/38 MP: 5/8
   334 | D        | Killed a wandering mushroom
   335 | D        | Reached skill level 19 in Stealth
   337 | D        | Reached XP level 8. HP: 42/42 MP: 5/9
   349 | D        | Found Moub's Distillery.
   349 | D        | Found Gaomosis's Assorted Antiques.
   354 | D        | Bought 2 scrolls labelled UROSIT VYJIOCS for 48 gold pieces
   354 | D        | Bought a scroll labelled VIHYVV YSESS for 24 gold pieces
   354 | D        | Bought a scroll labelled GUSEQE ZECASS for 24 gold pieces
   354 | D        | Bought a metallic cyan potion for 21 gold pieces
   356 | D        | Bought a potion of degeneration for 12 gold pieces
   356 | D        | Bought a potion of might for 48 gold pieces
   356 | D        | Bought 2 potions of heal wounds for 120 gold pieces
   436 | D        | Noticed a queen bee
   443 | D        | Killed a queen bee
   444 | D        | Reached skill level 5 in Fighting
   444 | D        | Reached skill level 20 in Stealth
   516 | D        | Noticed an oklob plant
   519 | D        | Killed an oklob plant
   520 | D        | Reached skill level 21 in Stealth
   586 | D        | Noticed a burning bush
   589 | D        | Killed a burning bush
   590 | D        | Reached XP level 9. HP: 47/47 MP: 7/10
   660 | D        | Noticed a burning bush
   660 | D        | Noticed an oklob plant
   661 | D        | Noticed a wandering mushroom
   662 | D        | Killed a burning bush
   667 | D        | Killed an oklob plant
   668 | D        | Reached skill level 22 in Stealth
   671 | D        | Killed a wandering mushroom
   672 | D        | Reached skill level 10 in Evocations
   752 | D        | Noticed a spriggan druid
   754 | D        | Killed a spriggan druid
   755 | D        | Reached skill level 5 in Throwing
   816 | D        | Noticed an oklob plant conjurer
   817 | D        | Killed an oklob plant conjurer
   818 | D        | Reached skill level 10 in Dodging
   818 | D        | Reached skill level 23 in Stealth
   900 | D        | Noticed an oklob plant
   900 | D        | Noticed an oklob plant summoner
   901 | D        | Noticed an oklob plant shifter
  1218 | D        | Killed an oklob plant shifter
  1219 | D        | Reached XP level 10. HP: 29/53 MP: 9/11
  1222 | D        | HP: 1/53 [acid (16)]
  1529 | D        | Killed an oklob plant
  1539 | D        | Killed an oklob plant summoner
  1815 | D        | Noticed a spriggan rider
  1816 | D        | Found Cyasmuc's Distillery.
  1820 | D        | Reached skill level 24 in Stealth
  1820 | D        | Reached skill level 5 in Shields
  1820 | D        | Found Deynki's Antique Armour Shoppe.
  1824 | D        | Reached skill level 1 in Spellcasting
  1915 | D        | Identified the +9 rapier of Gaploi {vorpal, Fragile rPois
                  | rF+++ Str-5}
  1923 | D        | Bought a potion of curing for 33 gold pieces
  1923 | D        | Bought a potion of curing for 33 gold pieces
  1925 | D        | Bought a glowing robe for 62 gold pieces
  1984 | D        | Noticed Agnes
  1986 | D        | Found Lagaag's Book Emporium.
  1986 | D        | Noticed a spriggan berserker
  1988 | D        | Found Uzid's Weapon Shoppe.
  1990 | D        | Killed Agnes
  1991 | D        | Reached skill level 5 in Short Blades
  1995 | D        | Killed a spriggan berserker
  2002 | D        | Noticed a spriggan defender
  2014 | D        | Slain by a spriggan defender

Illustrated notes

Levels and vault maps discovered:
D:        dungeon_sprint_fedhas [sprint_temple]

Skill      XL: |  1  2  3  4  5  6  7  8  9 10 |
---------------+-------------------------------+-----
Dodging        | 2 3 4 5 7 8 10 11 | 11.4
Stealth        | 8 10 12 13 15 18 19 21 23 24 | 24.9
Fighting       | 2 3 4 5 6 7 |  7.4
Short Blades   | 3 4 5 |  5.2
Evocations     | 1 5 8 11 13 | 13.8
Throwing       | 3 4 5 |  5.2
Shields        | 2 3 4 5 |  5.5
Spellcasting   | 3 |  3.9

Action                   |  1- 3 |  4- 6 |  7- 9 | 10-12 || total
-------------------------+-------+-------+-------+-------++-------
Melee: Dagger            |     4 |    11 |    32 |    20 ||    67
       Rapier            |       |       |       |     3 ||     3
Throw: Dart              |       |     9 |       |     7 ||    16
 Abil: Evoke Invisibilit |       |     3 |     8 |     3 ||    14
Evoke: Phial of floods   |       |       |       |     1 ||     1
  Use: Potion            |       |     1 |       |     1 ||     2
       Scroll            |       |       |     6 |     1 ||     7
 Stab: Sleeping          |     4 |     4 |    17 |     4 ||    29
       Invisible         |       |     1 |     1 |     3 ||     5
Dodge: Dodged            |       |    10 |     6 |     7 ||    23
Block: Buckler           |       |       |     2 |     5 ||     7
